 Dungeon Crawl Stone Soup version 0.19.4 (webtiles) character file.

16414 Jerry the Cleaver (level 12, -1/81 HPs)
             Began as a Formicid Fighter on Feb 4, 2017.
             Was an Elder of Kikubaaqudgha.
             Killed from afar by Harold (21 damage)
             ... with a bolt of fire
             ... on level 12 of the Dungeon.
             The game lasted 00:43:42 (12939 turns).

Jerry the Cleaver (Formicid Fighter)               Turns: 12939, Time: 00:43:43

Health: -1/81      AC: 22    Str: 27    XL:     12   Next: 69%
Magic:  0/22       EV:  8    Int: 11    God:    Kikubaaqudgha [****..]
Gold:   610        SH: 12    Dex: 13    Spells: 6 memorised, 6 levels left

rFire  x . .     SeeInvis +     L - +1 war axe (drain)
rCold  + + .     Gourm    .     z - +3 chain mail of the Beekeeper {*Drain +Inv rC+ Dex+3}
rNeg   . . .     Faith    .     c - +0 shield
rPois  +         Spirit   +     (helmet unavailable)
rElec  .         Reflect  .     F - +0 cloak
rCorr  .         Harm     .     s - +0 pair of gloves
MR     +....                    k - +1 pair of boots
Stlth  ..........               b - amulet of guardian spirit
                                I - ring of ice
                                G - +4 ring of strength

@: no status effects
A: permanent stasis, dig shafts and tunnels, four strong arms, antennae 3,
talons 1, molten scales 1, poison resistance
a: Dig, Shaft Self, Receive Corpses, Renounce Religion, Evoke Invisibility


You were on level 12 of the Dungeon.
You worshipped Kikubaaqudgha.
Kikubaaqudgha was greatly pleased with you.
You were not hungry.

You visited 2 branches of the dungeon, and saw 13 of its levels.

You collected 610 gold pieces.

Inventory:

Hand Weapons
 K - a +0 battleaxe
 L - a +1 war axe of draining (weapon)
Missiles
 y - 2 javelins of returning (quivered)
Armour
 c - a +0 shield (worn)
 k - a +1 pair of boots (worn)
 s - a +0 pair of gloves (worn)
 z - the +3 chain mail of the Beekeeper (worn) {*Drain +Inv rC+ Dex+3}
   (You found it on level 10 of the Dungeon)

   It affects your dexterity (+3).
   It protects you from cold.
   It lets you turn invisible.
   It causes draining when unequipped.
 F - a +0 cloak (worn)
Jewellery
 b - an amulet of guardian spirit (around neck)
 l - an uncursed ring of see invisible {unknown}
 G - a +4 ring of strength (left hand)
 I - a ring of ice (right hand)
Wands
 d - a wand of flame (21/48)
 i - a wand of iceblast (10/15)
 m - a wand of acid (8/15)
 r - a wand of disintegration (24/24)
 E - a wand of confusion (23/48)
 S - a wand of enslavement (16/24)
Scrolls
 a - 2 scrolls of enchant armour
 h - 3 scrolls of identify
 p - a scroll of immolation
 u - 2 scrolls of amnesia
 w - a scroll of fear
 C - 2 scrolls of remove curse
Potions
 o - a potion of brilliance
 t - 2 potions of lignification
 x - a potion of cancellation {unknown}
 B - 4 potions of heal wounds
 D - 10 potions of degeneration
 J - 2 potions of agility
 N - a potion of magic {unknown}
 P - a potion of curing {unknown}
 R - a potion of resistance {unknown}
 T - a potion of ambrosia {unknown}
Books
 e - Sif Muna's Disquisition on Stones
   (You found it on level 8 of the Dungeon)

   Spells                             Type                      Level
   a - Sandblast                      Earth                        1
 v - Kikubaaqudgha's Papyrus of Stolen Souls
   (Kikubaaqudgha gifted it to you on level 10 of the Dungeon)

   Spells                             Type                      Level
   a - Excruciating Wounds            Charms/Necromancy            5
   b - Bolt of Draining               Conjuration/Necromancy       5
   c - Agony                          Necromancy                   5
   d - Cigotuvi's Embrace             Necromancy                   5
   e - Dispel Undead                  Necromancy                   5
 H - the Grimoire of Bewitching Clay
   (You found it on level 8 of the Dungeon)

   Spells                             Type                      Level
   a - Summon Guardian Golem          Hexes/Summoning              3
   b - Leda's Liquefaction            Hexes/Earth                  4
   c - Iron Shot                      Conjuration/Earth            6
   d - Darkness                       Hexes                        6
 M - Kikubaaqudgha's Volume of Stolen Souls
   (Kikubaaqudgha gifted it to you on level 8 of the Dungeon)

   Spells                             Type                      Level
   a - Animate Skeleton               Necromancy                   1
   b - Corpse Rot                     Necromancy                   2
   c - Sublimation of Blood           Necromancy                   2
   d - Regeneration                   Charms/Necromancy            3
   e - Control Undead                 Necromancy                   4
 Q - a book of Changes

   Spells                             Type                      Level
   a - Beastly Appendage              Transmutation                1
   b - Sticks to Snakes               Transmutation                2
   c - Spider Form                    Transmutation/Poison         3
   d - Ice Form                       Ice/Transmutation            4
   e - Blade Hands                    Transmutation                5
Comestibles
 f - 12 bread rations
 g - 9 fruits
 j - 11 slices of pizza
 n - 7 meat rations
 q - 8 chunks of flesh
 A - 6 beef jerkies
 O - a royal jelly


   Skills:
 - Level 3.2 Fighting
 * Level 12.6 Axes
 + Level 10.4 Armour
 - Level 9.1 Shields
 + Level 6.8 Spellcasting
 + Level 3.8 Charms
 + Level 6.3 Necromancy


You had 6 spell levels left.
You knew the following spells:

 Your Spells              Type           Power        Failure   Level  Hunger
a - Animate Skeleton      Necr           N/A          8%          1    None
b - Regeneration          Chrm/Necr      ##........   34%         3    ###....
c - Sublimation of Blood  Necr           ###.......   10%         2    ##.....
d - Corpse Rot            Necr           N/A          10%         2    ##.....
e - Cigotuvi's Embrace    Necr           ###.......   98%         5    ######.
f - Excruciating Wounds   Chrm/Necr      ##........   100%        5    ######.


Dungeon Overview and Level Annotations

Branches:
Dungeon (12/15)            Temple (1/1) D:5            Lair (0/6) D:9
    Orc (0/2) D:10

Altars:
Ashenzari
Cheibriados
Dithmenos
Elyvilon
Fedhas
Gozag
Hepliaklqana
Kikubaaqudgha
Makhleb
Nemelex Xobeh
Okawaru
Qazlal
Ru
Sif Muna
Trog
Uskayaw
Vehumet
Xom
Yredelemnul
Zin
The Shining One

Shops:
D:5 =

Annotations:
D:12 8 runed doors, Harold


Innate Abilities, Weirdness & Mutations

You are under a permanent stasis effect.
You can dig through walls and to a lower floor.
Your four strong arms can wield two-handed weapons with a shield.
You have a pair of large antennae on your head. (SInv)
You have sharp toenails.
You are partially covered in molten scales. (AC +2)
Your system is resistant to poisons. (rPois)


Message History

You block the deep elf knight's attack.
Harold points at you and mumbles some strange words.
The bolt of fire hits the deep elf knight.
The deep elf knight dies!
The bolt of fire hits you! The fire burns you terribly!
* * * LOW HITPOINT WARNING * * *
The bolt of fire hits your yak skeleton.
You swap places.
Harold throws a throwing net.
The throwing net hits your yak skeleton.
Your yak skeleton is caught in the net!
Your yak skeleton struggles against the net.
Your yak skeleton struggles against the net.
Harold hits your yak skeleton with a glaive!
Your yak skeleton struggles against the net.
Harold hits your yak skeleton with a glaive!
Your yak skeleton is destroyed!
Harold points at you and mumbles some strange words.
The bolt of fire hits you! The fire burns you terribly!
You die...
Kikubaaqudgha rasps: "You have failed me!
Welcome... death!"

### #.#
###########.#
#..@.....@..#
#.#########.# #.#
#.# #.# #.#
########### #.# #Z#
##.......#.. #.#
####Z###>.......+..
#@#
#......#........#..
#.#
#......#........#..
#.#
#...<..#...........


You could see Harold.

Vanquished Creatures
  Erolcha (D:10)
  2 unseen horrors
  A wizard (D:12)
  4 hill giants
  2 manticores (D:8)
  3 trolls
  Grinder (D:4)
  2 hornets
  3 hippogriffs
  A two-headed ogre (D:10)
  Sigmund (D:2)
  A vampire (D:11)
  4 hogs (D:8)
  Eustachio (D:4)
  A human (D:8)
  5 yaks
  A hungry ghost (D:10)
  A soldier ant (D:12)
  Menkaure (D:6)
  Duvessa (D:7)
  A water moccasin (D:9)
  8 orc warriors
  2 sky beasts
  A phantom (D:5)
  A swamp drake (D:10)
  A black bear (D:11)
  An eye of draining (D:11)
  9 ice beasts
  2 necrophages (D:11)
  5 ogres
  7 centaurs
  A crocodile (D:10)
  2 big kobolds
  3 bullfrogs
  Dowan (D:7)
  5 killer bees (D:9)
  3 scorpions
  3 wights (D:7)
  2 howler monkeys (D:7)
  An electric eel (D:11)
  3 crimson imps
  A bullfrog zombie (D:5)
  3 hounds
  3 jellies
  18 orc wizards
  A quasit (D:8)
  7 orc priests
  7 iguanas
  Terence (D:2)
  11 worker ants
  Ijyb (D:2)
  3 hound zombies
  Robin (D:4)
  A howler monkey zombie (D:8)
  2 worker ant zombies
  9 gnolls
  11 adders
  A shadow imp (D:12)
  An ooze (D:1)
  2 adder skeletons
  3 worms
  2 dart slugs
  6 leopard geckos
  42 orcs
  3 ball pythons
  8 bats
  6 giant cockroaches
  9 hobgoblins
  21 jackals
  5 quokkas
  9 frilled lizards
  15 goblins
  A jackal skeleton (D:7)
  20 kobolds
  A quokka zombie (D:5)
  7 rats
341 creatures vanquished.

Vanquished Creatures (collateral kills)
  4 yaks (D:11)
  2 gnolls (D:11)
6 creatures vanquished.

Vanquished Creatures (others)
  A deep elf knight (D:12)
1 creature vanquished.

Grand Total: 348 creatures vanquished

Notes
Turn   | Place    | Note
-------+----------+-------------------------------------------
     0 | D:1      | Jerry the Formicid Fighter began the quest for the Orb.
     0 | D:1      | Reached XP level 1. HP: 18/18 MP: 1/1
    64 | D:1      | Reached XP level 2. HP: 24/24 MP: 2/2
   778 | D:1      | Reached XP level 3. HP: 28/29 MP: 3/3
   988 | D:2      | Noticed Terence
   990 | D:2      | Noticed Sigmund
  1771 | D:2      | Reached XP level 4. HP: 35/35 MP: 4/4
  1904 | D:2      | Killed Terence
  1904 | D:2      | Reached skill level 3 in Axes
  1972 | D:2      | Noticed Ijyb
  1997 | D:2      | Killed Ijyb
  1997 | D:2      | Reached XP level 5. HP: 41/41 MP: 5/5
  2068 | D:2      | Killed Sigmund
  2068 | D:2      | Reached skill level 4 in Axes
  2068 | D:2      | Reached skill level 5 in Shields
  2068 | D:2      | Reached XP level 6. HP: 25/47 MP: 6/6
  2210 | D:2      | Found a snail-covered altar of Cheibriados.
  2727 | D:3      | Found an iron altar of Okawaru.
  3426 | D:4      | Reached XP level 7. HP: 46/52 MP: 7/7
  3497 | D:4      | Found an opulent altar of Gozag.
  3649 | D:4      | Reached skill level 5 in Axes
  3649 | D:4      | Reached skill level 5 in Armour
  3790 | D:4      | Noticed Robin
  3796 | D:4      | Killed Robin
  3947 | D:4      | Noticed Eustachio
  3947 | D:4      | Noticed Grinder
  3968 | D:4      | Killed Grinder
  3968 | D:4      | Reached XP level 8. HP: 18/58 MP: 8/8
  4279 | D:4      | Killed Eustachio
  4279 | D:4      | Reached skill level 6 in Axes
  4555 | D:5      | Entered Level 5 of the Dungeon
  4680 | D:5      | Reached skill level 7 in Axes
  4792 | D:5      | Found Qanoenk's Jewellery Emporium.
  4878 | D:5      | Reached XP level 9. HP: 40/64 MP: 9/9
  5040 | D:5      | Found a sparkling altar of Nemelex Xobeh.
  5126 | D:5      | Found a staircase to the Ecumenical Temple.
  5138 | Temple   | Entered the Ecumenical Temple
  5224 | D:5      | Found a sparkling altar of Nemelex Xobeh.
  5505 | D:5      | Gained mutation: Your system is resistant to poisons. (rPois) [potion of mutation]
  5505 | D:5      | Gained mutation: You have sharp toenails. [potion of mutation]
  5505 | D:5      | Gained mutation: You are partially covered in molten scales. (AC +2) [potion of mutation]
  5559 | D:6      | Found a snail-covered altar of Cheibriados.
  5638 | D:6      | Got a smoking chain mail
  5639 | D:6      | Identified the +3 chain mail of Divine Intervention {rC+ Str+4} (You found it on level 6 of the Dungeon)
  5684 | D:6      | Reached skill level 8 in Axes
  6033 | D:6      | Noticed Menkaure
  6045 | D:6      | Killed Menkaure
  6277 | D:7      | Reached skill level 9 in Axes
  6289 | D:7      | Found an ancient bone altar of Kikubaaqudgha.
  6292 | D:7      | Became a worshipper of Kikubaaqudgha
  6333 | D:7      | Noticed Duvessa
  6339 | D:7      | Noticed Dowan
  6348 | D:7      | Killed Duvessa
  6367 | D:7      | Killed Dowan
  6367 | D:7      | Reached skill level 1 in Necromancy
  6484 | D:7      | Noticed a hippogriff
  6499 | D:7      | Killed a hippogriff
  6499 | D:7      | Reached skill level 1 in Spellcasting
  6499 | D:7      | Reached XP level 10. HP: 59/70 MP: 9/11
  6572 | D:7      | Found a shattered altar of Ashenzari.
  7473 | D:8      | Reached * piety under Kikubaaqudgha
  7473 | D:8      | Identified Kikubaaqudgha's Volume of Stolen Souls (Kikubaaqudgha gifted it to you on level 8 of the Dungeon)
  7473 | D:8      | Received a gift from Kikubaaqudgha
  7477 | D:8      | Learned a level 1 spell: Animate Skeleton
  7481 | D:8      | Learned a level 3 spell: Regeneration
  7484 | D:8      | Learned a level 2 spell: Sublimation of Blood
  7577 | D:8      | Found a radiant altar of Vehumet.
  7668 | D:8      | Noticed a manticore
  7680 | D:8      | HP: 3/70 [manticore (7)]
  7681 | D:8      | Killed a manticore
  8002 | D:8      | Noticed a manticore
  8003 | D:8      | Noticed a hill giant
  8019 | D:8      | HP: 3/70 [manticore (8)]
  8020 | D:8      | Killed a manticore
  8020 | D:8      | Reached skill level 10 in Axes
  8025 | D:8      | Killed a hill giant
  8359 | D:8      | Identified the Grimoire of Bewitching Clay
  8743 | D:8      | Reached XP level 11. HP: 66/75 MP: 14/17
  8755 | D:8      | Reached ** piety under Kikubaaqudgha
  9146 | D:8      | Found a deep blue altar of Sif Muna.
  9195 | D:8      | Identified Sif Muna's Disquisition on Stones
  9202 | D:8      | Learned a level 2 spell: Corpse Rot
  9389 | D:9      | Found a staircase to the Lair.
  9442 | D:8      | Reached skill level 11 in Axes
 10019 | D:9      | Found an iron altar of Okawaru.
 10338 | D:10     | Entered Level 10 of the Dungeon
 10343 | D:10     | Reached skill level 5 in Spellcasting
 10403 | D:10     | Noticed Erolcha
 10423 | D:10     | Killed Erolcha
 10423 | D:10     | Reached *** piety under Kikubaaqudgha
 10423 | D:10     | Identified Kikubaaqudgha's Papyrus of Stolen Souls (Kikubaaqudgha gifted it to you on level 10 of the Dungeon)
 10423 | D:10     | Received a gift from Kikubaaqudgha
 10432 | D:10     | Learned a level 5 spell: Cigotuvi's Embrace
 10438 | D:10     | Learned a level 5 spell: Excruciating Wounds
 10583 | D:10     | Got a slimy chain mail
 10594 | D:10     | Identified the +3 chain mail of the Beekeeper {*Drain +Inv rC+ Dex+3} (You found it on level 10 of the Dungeon)
 10719 | D:10     | Noticed a hill giant
 10741 | D:10     | Killed a hill giant
 10741 | D:10     | Reached skill level 5 in Necromancy
 11251 | D:10     | Reached skill level 1 in Charms
 11369 | D:10     | Found a staircase to the Orcish Mines.
 11630 | D:11     | Noticed an unseen horror
 11639 | D:11     | Killed an unseen horror
 11639 | D:11     | Reached XP level 12. HP: 79/81 MP: 18/21
 11702 | D:11     | Reached **** piety under Kikubaaqudgha
 11702 | D:11     | Reached skill level 12 in Axes
 11759 | D:11     | Noticed an unseen horror
 11957 | D:11     | Reached skill level 10 in Armour
 12632 | D:12     | Noticed an unseen horror
 12638 | D:12     | Found a large runed door.
 12653 | D:12     | Noticed a deep troll earth mage
 12654 | D:12     | Noticed an ettin
 12654 | D:12     | Noticed a sphinx
 12659 | D:12     | Killed an unseen horror
 12677 | D:12     | Found a large runed door.
 12677 | D:12     | Noticed a yaktaur captain
 12681 | D:12     | Found a large runed door.
 12682 | D:12     | Found a large runed door.
 12682 | D:12     | Found a large runed door.
 12684 | D:12     | Found a large runed door.
 12685 | D:12     | Found a large runed door.
 12685 | D:12     | Found a large runed door.
 12898 | D:12     | Noticed a wizard
 12903 | D:12     | Noticed a deep elf knight
 12904 | D:12     | Noticed Harold
 12913 | D:12     | Killed a wizard
 12922 | D:12     | Killed a deep elf knight
 12939 | D:12     | Killed from afar by Harold

Skill      XL: |  1  2  3  4  5  6  7  8  9 10 11 12 |
---------------+-------------------------------------+-----
Shields        | 4 5 6 7 8 9 |  9.1
Armour         | 4 5 6 7 8 9 10 | 10.4
Axes           | 3 4 5 7 9 10 11 12 | 12.6
Necromancy     | 1 3 5 6 |  6.3
Spellcasting   | 1 4 6 |  6.8
Charms         | 1 3 |  3.8
Fighting       | |  3.2

Action                   |  1- 3 |  4- 6 |  7- 9 | 10-12 || total
-------------------------+-------+-------+-------+-------++-------
Melee: War axe           |   134 |   197 |   336 |   787 ||  1454
Throw: Javelin           |       |       |     2 |     2 ||     4
 Cast: Animate Skeleton  |       |       |       |     8 ||     8
 Abil: Dig               |     1 |     1 |     3 |     1 ||     6
       Evoke Invisibilit |       |       |       |     1 ||     1
Evoke: Wand              |       |       |     1 |     1 ||     2
  Use: Potion            |       |     1 |     1 |     3 ||     5
       Scroll            |       |     1 |     6 |    16 ||    23
 Stab: Confused          |       |       |       |     2 ||     2
       Invisible         |       |       |       |     2 ||     2
       Distracted        |       |       |       |     1 ||     1
  Eat: Chunk             |     3 |     6 |    10 |    25 ||    44
Armor: Scale mail        |    55 |    42 |    87 |       ||   184
       Chain mail        |       |       |    56 |   341 ||   397
Dodge: Dodged            |    42 |    58 |   100 |   238 ||   438
Block: Shield            |    67 |   129 |   258 |   507 ||   961
       Reflection        |       |     2 |     4 |       ||     6
